BSA
KENILWORTH ACES @ PHILADELPHIA ATHLETICS
07/17/2030
 
TOP OF THE 1ST
Kenilworth Aces batting - Pitching for Philadelphia Athletics : RHP Butch Ramey
Pitching: RHP Butch Ramey
Batting: RHB Jorge Jiménez 0-0: Ball
1-0: Fly out, F5 (Line Drive, 5)
Batting: LHB Santiago Márquez 0-0: Ball
1-0: Foul Ball, location: 2F
1-1: SINGLE (Flyball, 34D)
Batting: LHB Barrett Waters 0-0: Ball
1-0: Called Strike
1-1: Ball
2-1: Ball
3-1: Base on Balls
Santiago Márquez to second
Batting: SHB Julián Madrid 0-0: Ball
1-0: Called Strike
1-1: Foul Ball, location: 2F
1-2: Ball
2-2: Strikes out swinging
Batting: LHB Roger Moore 0-0: Called Strike
0-1: Ball
1-1: Ground out U3 (Groundball, 3)
Top of the 1st over - 0 runs, 1 hit, 0 errors, 2 left on base; Kenilworth 0 - Philadelphia 0
BOTTOM OF THE 1ST
Philadelphia Athletics batting - Pitching for Kenilworth Aces : LHP Dave Smeddon
Pitching: LHP Dave Smeddon
Batting: RHB César García 0-0: Ball
1-0: Ball
2-0: Called Strike
2-1: Called Strike
2-2: Foul Ball, location: 2F
2-2: Strikes out looking
Batting: LHB Brian Boone 0-0: Ball
1-0: Called Strike
1-1: SOLO HOME RUN (Flyball, 9D), Distance : 379 ft
Batting: RHB Miguel Encarnación 0-0: Ball
1-0: Ball
2-0: Called Strike
2-1: Fly out, F8 (Line Drive, 78D)
Batting: RHB Tony Morton 0-0: Foul Ball, location: 2F
0-1: Swinging Strike
0-2: Ball
1-2: Ball
2-2: Foul Ball, location: 2F
2-2: Ball
3-2: Foul Ball, location: 2F
3-2: Foul Ball, location: 2F
3-2: Fly out, F7 (Flyball, 78M)
Bottom of the 1st over - 1 run, 1 hit, 0 errors, 0 left on base; Kenilworth 0 - Philadelphia 1
TOP OF THE 2ND
Kenilworth Aces batting - Pitching for Philadelphia Athletics : RHP Butch Ramey
Batting: RHB Andrés Lara 0-0: Called Strike
0-1: Ball
1-1: Called Strike
1-2: Ball
2-2: SINGLE (Flyball, 7LS)
Batting: RHB Luis Sánchez 0-0: Ball
1-0: Fly out, F8 (Flyball, 8LS)
Batting: RHB Wilbert Rodgers 0-0: Foul Ball, location: 2F
0-1: Ball
1-1: Ball
2-1: Ball
3-1: Called Strike
3-2: Grounds into double play, 6-4-3 (Groundball, 6)
Top of the 2nd over - 0 runs, 1 hit, 0 errors, 0 left on base; Kenilworth 0 - Philadelphia 1
BOTTOM OF THE 2ND
Philadelphia Athletics batting - Pitching for Kenilworth Aces : LHP Dave Smeddon
Batting: LHB Carter Sweet 0-0: Foul Ball, location: 2F
0-1: Ball
1-1: Fly out, F7 (Flyball, 7)
Batting: RHB Valentín Borges 0-0: Ball
1-0: Fly out, F9 (Flyball, 89D)
Batting: RHB Anastasio Villa 0-0: Foul Ball, location: 2F
0-1: Ball
1-1: SOLO HOME RUN (Flyball, 7LD), Distance : 384 ft
Batting: RHB Felipe Rivera 0-0: Foul Ball, location: 2F
0-1: Called Strike
0-2: Ball
1-2: Ball
2-2: SINGLE (Line Drive, 78S)
Batting: SHB Héctor Padilla 0-0: Ball
1-0: Called Strike
1-1: Foul Ball, location: 2F
1-2: Ground out 5-3 (Groundball, 5S)
Bottom of the 2nd over - 1 run, 2 hits, 0 errors, 1 left on base; Kenilworth 0 - Philadelphia 2
TOP OF THE 3RD
Kenilworth Aces batting - Pitching for Philadelphia Athletics : RHP Butch Ramey
Batting: RHB Taylor McFarland 0-0: Ball
1-0: Foul Ball, location: 2F
1-1: Foul Ball, location: 2F
1-2: Foul Ball, location: 2F
1-2: Foul Ball, location: 2F
1-2: Foul Ball, location: 2F
1-2: Ball
2-2: Ball
3-2: Foul Ball, location: 2F
3-2: Base on Balls
Batting: RHB Jorge Jiménez 0-0: Foul Ball, location: 2F
0-1: Called Strike
0-2: Grounds into double play, 5-4-3 (Groundball, 56)
Batting: LHB Santiago Márquez 0-0: Called Strike
0-1: Ball
1-1: Foul Ball, location: 2F
1-2: Fly out, F8 (Flyball, 8LD)
Top of the 3rd over - 0 runs, 0 hits, 0 errors, 0 left on base; Kenilworth 0 - Philadelphia 2
BOTTOM OF THE 3RD
Philadelphia Athletics batting - Pitching for Kenilworth Aces : LHP Dave Smeddon
Batting: RHB César García 0-0: Foul Ball, location: 2F
0-1: Swinging Strike
0-2: Ball
1-2: Strikes out swinging
Batting: LHB Brian Boone 0-0: Ball
1-0: Foul Ball, location: 2F
1-1: Ball
2-1: Foul Ball, location: 2F
2-2: Ball
3-2: Ground out 4-3 (Groundball, 4M)
Batting: RHB Miguel Encarnación 0-0: Ball
1-0: Ground out 4-3 (Groundball, 4S)
Bottom of the 3rd over - 0 runs, 0 hits, 0 errors, 0 left on base; Kenilworth 0 - Philadelphia 2
TOP OF THE 4TH
Kenilworth Aces batting - Pitching for Philadelphia Athletics : RHP Butch Ramey
Batting: LHB Barrett Waters 0-0: Foul Ball, location: 2F
0-1: Ball
1-1: Ground out U3 (Groundball, 3S)
Batting: SHB Julián Madrid 0-0: Ball
1-0: Foul Ball, location: 2F
1-1: Foul Ball, location: 2F
1-2: Ball
2-2: SOLO HOME RUN (Line Drive, 78D), Distance : 391 ft
Batting: LHB Roger Moore 0-0: Ball
1-0: Ball
2-0: Ball
3-0: Base on Balls
Batting: RHB Andrés Lara 0-0: Ball
1-0: Called Strike
1-1: 2-RUN HOME RUN (Flyball, 78XD), Distance : 414 ft
Batting: RHB Luis Sánchez 0-0: Ball
1-0: Ball
2-0: Fly out, F4 (Flyball, 34D)
Batting: RHB Wilbert Rodgers 0-0: Ball
1-0: Swinging Strike
1-1: Fly out, F9 (Flyball, 9LDF)
Top of the 4th over - 3 runs, 2 hits, 0 errors, 0 left on base; Kenilworth 3 - Philadelphia 2
BOTTOM OF THE 4TH
Philadelphia Athletics batting - Pitching for Kenilworth Aces : LHP Dave Smeddon
Batting: RHB Tony Morton 0-0: Called Strike
0-1: Ball
1-1: Fly out, F7 (Flyball, 7LS)
Batting: LHB Carter Sweet 0-0: Ball
1-0: Foul Ball, location: 2F
1-1: Swinging Strike
1-2: SINGLE (Line Drive, 34)
Batting: RHB Valentín Borges 0-0: Ball
1-0: SINGLE (Groundball, 56D)
Carter Sweet to second
Batting: RHB Anastasio Villa 0-0: 3-RUN HOME RUN (Flyball, 78XD), Distance : 394 ft
Batting: RHB Felipe Rivera 0-0: Ground out U3 (Groundball, 3)
Batting: SHB Héctor Padilla 0-0: Swinging Strike
0-1: Foul Ball, location: 2F
0-2: Foul Ball, location: 2F
0-2: Foul Ball, location: 2F
0-2: Ball
1-2: Ball
2-2: Strikes out looking
Bottom of the 4th over - 3 runs, 3 hits, 0 errors, 0 left on base; Kenilworth 3 - Philadelphia 5
TOP OF THE 5TH
Kenilworth Aces batting - Pitching for Philadelphia Athletics : RHP Butch Ramey
Batting: RHB Taylor McFarland 0-0: Called Strike
0-1: Ball
1-1: Ball
2-1: Ground out 6-3 (Groundball, 6)
Batting: RHB Jorge Jiménez 0-0: Ball
1-0: Ball
2-0: Ball
3-0: Called Strike
3-1: Foul Ball, location: 2F
3-2: Ground out 6-3 (Groundball, 6)
Batting: LHB Santiago Márquez 0-0: Ball
1-0: Ball
2-0: Called Strike
2-1: Swinging Strike
2-2: Ball
3-2: Fly out, F2 (Popup, 13S)
Top of the 5th over - 0 runs, 0 hits, 0 errors, 0 left on base; Kenilworth 3 - Philadelphia 5
BOTTOM OF THE 5TH
Philadelphia Athletics batting - Pitching for Kenilworth Aces : LHP Dave Smeddon
Batting: RHB César García 0-0: Foul Ball, location: 2F
0-1: Called Strike
0-2: Ball
1-2: Ball
2-2: Ground out 1-3 (Groundball, P)
Batting: LHB Brian Boone 0-0: Fly out, F5 (Popup, 15)
Batting: RHB Miguel Encarnación 0-0: Called Strike
0-1: Called Strike
0-2: Foul Ball, location: 2F
0-2: Ball
1-2: Ball
2-2: Ground out 5-3 (Groundball, 56)
Bottom of the 5th over - 0 runs, 0 hits, 0 errors, 0 left on base; Kenilworth 3 - Philadelphia 5
TOP OF THE 6TH
Kenilworth Aces batting - Pitching for Philadelphia Athletics : RHP Butch Ramey
Batting: LHB Barrett Waters 0-0: Called Strike
0-1: Ball
1-1: Ball
2-1: Foul Ball, location: 2F
2-2: Reached via error on a dropped throw, E3
Pitching: LHP Gianluigi Ciottone
Batting: SHB Julián Madrid 0-0: Foul Ball, location: 2F
0-1: Ball
1-1: Swinging Strike
1-2: Strikes out looking
Batting: LHB Roger Moore 0-0: Ball
Barrett Waters is caught stealing 2nd base
1-0: Called Strike
1-1: Fly out, F9 (Flyball, 9S)
Top of the 6th over - 0 runs, 0 hits, 1 error, 0 left on base; Kenilworth 3 - Philadelphia 5
BOTTOM OF THE 6TH
Philadelphia Athletics batting - Pitching for Kenilworth Aces : LHP Dave Smeddon
Batting: RHB Tony Morton 0-0: Ball
1-0: Called Strike
1-1: Foul Ball, location: 2F
1-2: Fly out, F8 (Line Drive, 8RXD)
Batting: LHB Carter Sweet 0-0: Ground out 4-3 (Groundball, 34D)
Batting: RHB Valentín Borges 0-0: Ball
1-0: Ball
2-0: Called Strike
2-1: Fly out, F7 (Flyball, 7S)
Bottom of the 6th over - 0 runs, 0 hits, 0 errors, 0 left on base; Kenilworth 3 - Philadelphia 5
TOP OF THE 7TH
Kenilworth Aces batting - Pitching for Philadelphia Athletics : LHP Gianluigi Ciottone
Batting: RHB Andrés Lara 0-0: Called Strike
0-1: Swinging Strike
0-2: Strikes out swinging
Batting: RHB Luis Sánchez 0-0: Ball
1-0: Called Strike
1-1: Called Strike
1-2: Ball
2-2: Foul Ball, location: 2F
2-2: Ball
3-2: Ground out 5-3 (Groundball, 56)
Batting: RHB Wilbert Rodgers 0-0: Called Strike
0-1: SINGLE (Line Drive, 8LS)
Batting: RHB Taylor McFarland 0-0: Foul Ball, location: 2F
0-1: Called Strike
0-2: Fly out, F9 (Line Drive, 89M)
Top of the 7th over - 0 runs, 1 hit, 0 errors, 1 left on base; Kenilworth 3 - Philadelphia 5
BOTTOM OF THE 7TH
Philadelphia Athletics batting - Pitching for Kenilworth Aces : LHP Dave Smeddon
Batting: RHB Anastasio Villa 0-0: Ball
1-0: Called Strike
1-1: Ball
2-1: Ball
3-1: Base on Balls
Batting: RHB Felipe Rivera 0-0: Sac Bunt - play at first, batter OUT! 5-3
Anastasio Villa to second
Batting: SHB Héctor Padilla 0-0: Called Strike
0-1: Ball
1-1: Ball
2-1: Foul Ball, location: 2F
2-2: Hit by Pitch
Batting: RHB César García 0-0: Ball
1-0: DOUBLE (Line Drive, 89XD)
Anastasio Villa scores
Héctor Padilla to third
Runner from 3rd tries for Home, SAFE, throw made at trailing runner, OUT at third!
Batting: LHB Brian Boone 0-0: Ball
1-0: Ball
2-0: Called Strike
2-1: SINGLE (Flyball, 8LS)
Pitching: RHP Pablo Cabral
Batting: RHB Miguel Encarnación 0-0: Called Strike
0-1: Ball
1-1: Fly out, F5 (Line Drive, 56)
Bottom of the 7th over - 2 runs, 2 hits, 0 errors, 1 left on base; Kenilworth 3 - Philadelphia 7
TOP OF THE 8TH
Kenilworth Aces batting - Pitching for Philadelphia Athletics : LHP Gianluigi Ciottone
Batting: RHB Jorge Jiménez 0-0: Called Strike
0-1: Ball
1-1: Ball
2-1: Foul Ball, location: 2F
2-2: Strikes out swinging
Batting: LHB Santiago Márquez 0-0: Ball
1-0: DOUBLE (Flyball, 8RXD)
Batting: LHB Barrett Waters 0-0: Called Strike
0-1: Ball
1-1: Foul Ball, location: 2F
1-2: Ball
2-2: Ground out 4-3 (Groundball, 4)
Santiago Márquez to third
Batting: SHB Julián Madrid 0-0: Foul Ball, location: 2F
0-1: Ball
1-1: Foul Ball, location: 2F
1-2: Ball
2-2: Ground out 5-3 (Groundball, 56)
Top of the 8th over - 0 runs, 1 hit, 0 errors, 1 left on base; Kenilworth 3 - Philadelphia 7
BOTTOM OF THE 8TH
Philadelphia Athletics batting - Pitching for Kenilworth Aces : RHP Pablo Cabral
Batting: RHB Tony Morton 0-0: Ball
1-0: Ball
2-0: Ground out 1-3 (Groundball, 13)
Batting: LHB Carter Sweet 0-0: Ball
1-0: Ball
2-0: Called Strike
2-1: Foul Ball, location: 2F
2-2: Ball
3-2: Base on Balls
Batting: RHB Valentín Borges 0-0: Called Strike
0-1: Swinging Strike
0-2: Ball
1-2: Strikes out looking
Batting: RHB Anastasio Villa 0-0: Ball
Wild Pitch!
Carter Sweet to second
1-0: Ball
2-0: Ball
3-0: Base on Balls
Batting: RHB Felipe Rivera 0-0: Called Strike
0-1: Foul Ball, location: 2F
0-2: Strikes out swinging
Bottom of the 8th over - 0 runs, 0 hits, 0 errors, 2 left on base; Kenilworth 3 - Philadelphia 7
TOP OF THE 9TH
Kenilworth Aces batting - Pitching for Philadelphia Athletics : LHP Gianluigi Ciottone
Batting: LHB Roger Moore 0-0: SINGLE (Groundball, 4D)
Batting: RHB Andrés Lara 0-0: Ball
1-0: Foul Ball, location: 2F
1-1: Called Strike
1-2: Foul Ball, location: 2F
1-2: Grounds into double play, 6-4-3 (Groundball, 6)
Batting: RHB Luis Sánchez 0-0: Ball
1-0: Ground out 5-3 (Groundball, 56S)
Top of the 9th over - 0 runs, 1 hit, 0 errors, 0 left on base; Kenilworth 3 - Philadelphia 7
Saturday, April 7th, 2018 - OOTP Baseball 18.8 Build 76